 Dungeon Crawl Stone Soup version 0.28.0-43-g3370ac3207 (webtiles) character file.

Game seed: 15798016474803550717

203 nickcage the Slasher (level 5, 0/45 HPs)
             Began as a Minotaur Fighter on Mar 7, 2022.
             Frozen to death by an endoplasm (4 damage)
             ... on level 2 of the Dungeon.
             The game lasted 00:03:56 (2347 turns).

nickcage the Slasher (Minotaur Fighter)             Turns: 2347, Time: 00:03:56

Health: 0/45       AC:  6    Str: 22    XL:     5   Next: 51%
Magic:  0/4        EV:  5    Int:  5    God:
Gold:   32         SH: 12    Dex: 10    Spells: 4/4 levels left

rFire   . . .      SeeInvis .   a - +0 long sword
rCold   . . .      Faith    .   q - +0 tower shield
rNeg    . . .      Spirit   +   b - +0 scale mail
rPois   .          Reflect  .   (helmet restricted)
rElec   .          Harm     .   (no cloak)
rCorr   .          Rampage  .   (no gloves)
Will    .....                   (no boots)
Stlth   ..........              h - amulet of guardian spirit
HPRegen 0.15/turn               (no ring)
MPRegen 0.09/turn               (no ring)

@: no status effects
A: horns 2, retaliatory headbutt
a: no special abilities


You were on level 2 of the Dungeon.
You visited 1 branch of the dungeon, and saw 3 of its levels.

You collected 97 gold pieces.
You spent 65 gold pieces at shops.

Inventory:

Hand Weapons
 a - a +0 long sword (weapon)
Armour
 b - a +0 scale mail (worn)
 c - a +0 buckler
 q - a +0 tower shield (worn)
Jewellery
 h - an amulet of guardian spirit (around neck)
 p - an amulet of the acrobat
Scrolls
 f - a scroll of amnesia {unknown}
 g - 2 scrolls of brand weapon {unknown}
 j - a scroll of immolation {unknown}
 k - a scroll of fear {unknown}
 m - 2 scrolls of magic mapping
 o - a scroll of teleportation
Potions
 d - a potion of might
 e - a potion of berserk rage {unknown}
 i - a potion of curing {unknown}
 l - 2 potions of flight {unknown}
 n - 2 potions of degeneration {unknown}


   Skills:
 - Level 3.6 Fighting
 + Level 7.0 Long Blades
 - Level 3.6 Armour
 - Level 3.6 Shields


You had 4 spell levels left.
You didn't know any spells.
Your spell library contained the following spells:

 Spells                   Type           Power      Damage    Failure   Level
 Ensorcelled Hibernation  Hex/Ice        0%         N/A       100%        2
 Spider Form              Tmut/Pois      0%         N/A       100%        3
 Anguish                  Hex/Necr       0%         N/A       100%        4


Dungeon Overview and Level Annotations

Branches:
Dungeon (3/15)

Altars:

Shops:
D:2 *


Innate Abilities, Weirdness & Mutations

You have a pair of horns on your head.
You reflexively headbutt those who attack you in melee.


Message History

Magic restored.
You start resting.
HP restored.
There is a stone staircase leading down here.
You climb downwards.
You block the gnoll's attack. The gnoll hits you with a +0 flail.
There is a stone staircase leading up here.
You hit the gnoll but do no damage. You block the gnoll's attack.
You hit the gnoll.
The gnoll is lightly wounded.
You block the gnoll's attack. The endoplasm freezes you.
You are frozen.
The gnoll hits you from afar with a +0 halberd!
The gnoll hits you but does no damage. You block the endoplasm's attack.
The gnoll hits you from afar with a +0 halberd!
You block the gnoll's attack.
You climb upwards.
There is a stone staircase leading down here.
You barely miss the gnoll.
The gnoll is lightly wounded.
You block the endoplasm's attack. The gnoll hits you with a +0 flail.
You block the endoplasm's attack.
You are too injured to fight recklessly!
You are too injured to fight recklessly!
You barely miss the gnoll.
The gnoll is lightly wounded.
The gnoll hits you with a +0 flail! You block the endoplasm's attack.
You hit the gnoll.
The gnoll is lightly wounded.
The gnoll hits you with a +0 flail.
* * * LOW HITPOINT WARNING * * *
You block the endoplasm's attack. The gnoll hits you with a +0 flail.
* * * LOW HITPOINT WARNING * * *
You slash the gnoll!
You kill the gnoll!
The endoplasm freezes you.
You are frozen.
You die...

##.## #.# #.#. #...# #.# #...
###...### #.# ###.
#.......#########.# #.
#....)....†....##.# ##.
#.......######.##.##########..
###...### #.......#...........
#...# #...J.......######..
##### #..@)...............
#.......÷...######..
#...........# ###
#...........# #.......#####
#########


You could see an endoplasm.

Vanquished Creatures
  A howler monkey (D:2)
  An iguana (D:2)
  2 gnolls (D:2)
  6 adders
  2 worms (D:2)
  2 dart slugs
  6 ball pythons
  7 bats
  5 endoplasms
  3 giant cockroaches
  5 goblins
  3 hobgoblins
  7 jackals
  5 kobolds
  5 quokkas
  2 frilled lizards
  4 rats
66 creatures vanquished.

Notes
Turn   | Place    | Note
-------+----------+-------------------------------------------
     0 | D:1      | nickcage the Minotaur Fighter began the quest for the Orb.
     0 | D:1      | Reached XP level 1. HP: 19/19 MP: 0/0
   106 | D:1      | Reached skill level 3 in Long Blades
   236 | D:1      | Reached XP level 2. HP: 26/26 MP: 1/1
   551 | D:1      | Reached skill level 4 in Long Blades
   616 | D:1      | Reached XP level 3. HP: 28/31 MP: 2/2
  1219 | D:2      | Reached skill level 5 in Long Blades
  1219 | D:2      | Reached XP level 4. HP: 27/39 MP: 3/3
  1388 | D:2      | Reached skill level 6 in Long Blades
  1516 | D:2      | Reached XP level 5. HP: 45/45 MP: 4/4
  1565 | D:2      | Found Beyxuwysma's General Store.
  1584 | D:2      | Bought a scroll of magic mapping for 35 gold pieces
  1584 | D:2      | Bought a scroll of teleportation for 30 gold pieces
  2100 | D:2      | Found a faded altar of an unknown god.
  2187 | D:3      | Reached skill level 7 in Long Blades
  2347 | D:2      | Frozen to death by an endoplasm

Illustrated notes

Levels and vault maps discovered:
D:1:      psy_arrival_dodecagon, layout_basic, minmay_heptomino_d4
D:2:      layout_loops_ring, shapermc_ecumenical_altar_hornbeckon, serial_shops,
          shop_coins, kennysheep_generic_room_12
D:3:      layout_basic, serial_glass, glass_columns_a, glass_columns_a,
          serial_shops, nicolae_shop_waterfront, nicolae_shop_advertising_works
          [nicolae_subvault_shop_adworks],
          nicolae_shop_competitors_out_of_business

Skill      XL: |  1  2  3  4  5 |
---------------+----------------+-----
Long Blades    | 3 4 5 6 7 |  7.0
Fighting       | |  3.6
Armour         | |  3.6
Shields        | |  3.6

Action                   |  1- 3 |  4- 6 || total
-------------------------+-------+-------++-------
Melee: Long sword        |    74 |    69 ||   143
       Headbutt          |    12 |    10 ||    22
Armor: Scale mail        |    35 |    24 ||    59
Dodge: Dodged            |    40 |    24 ||    64
Block: Buckler           |    18 |     9 ||    27
       Tower shield      |       |    18 ||    18
